Map: Blackburn LE

Players

HellraiseR

  • Race: Protoss Protoss
  • League: Grandmaster

SortOf - Winner!

  • Race: Zerg Zerg
  • League: Master

Event: DreamHack SC2 Masters 2021 Summer

VOD

Have the link to the VOD?

Description

Time

  • Played on: May 28, 2021, 11:29 a.m.
  • Length: 27:54

All games in this series

Show
View Real Time Build Order
Export as new Build Order

HellraiseR Protoss 

Build Orders: 1 Gate Expand, Oracle Opening, Carriers 

Get SALT Encoding   

  12  0:01  Probe  
  13  0:13  Probe  
  14  0:20  Pylon  
  14  0:25  Probe  
  15  0:39  Gateway, Probe (Chrono Boost)  
  16  0:47  Probe (Chrono Boost)  
  16  0:48  Assimilator  
  17  0:53  Probe  
  18  1:05  Probe  
  19  1:17  Pylon, Probe  
  20  1:28  Cybernetics Core  
  20  1:36  Nexus  
  20  1:39  Probe  
  21  1:47  Assimilator  
  21  1:51  Pylon  
  22  2:04  Adept (Chrono Boost)  
  23  2:09  Probe (Chrono Boost)  
  23  2:21  Probe (Chrono Boost)  
  24  2:25  Stargate  
  24  2:28  Probe (Chrono Boost)  
  24  2:29  Adept  
  27  2:35  Probe  
  28  2:37  Warp Gate  
  28  2:45  Gateway  
  28  2:48  Probe (Chrono Boost)  
  30  2:52  Probe (Chrono Boost)  
  30  2:58  Probe (Chrono Boost)  
  31  3:01  Probe (Chrono Boost)  
  31  3:03  Probe (Chrono Boost)  
  33  3:07  Oracle (Chrono Boost)  
  33  3:11  Probe  
  37  3:15  Probe  
  38  3:23  Probe  
  39  3:30  Probe  
  39  3:31  Pylon  
  39  3:32  Assimilator  
  39  3:33  Void Ray (Chrono Boost)  
  40  3:35  Pylon  
  40  3:37  Probe  
  45  3:42  Probe  
  46  3:49  Assimilator, Probe  
  46  3:54  Probe  
  48  4:01  Probe  
  49  4:06  Pylon  
  49  4:07  Probe  
  50  4:13  Probe  
  51  4:18  Fleet Beacon  
  51  4:19  Probe  
  51  4:23  Stargate  
  52  4:25  Probe  
  52  4:31  Probe  
  54  4:33  Pylon  
  54  4:34  Adept  
  54  4:37  Adept, Probe  
  59  4:49  Probe x2  
  61  5:00  Tempest (Chrono Boost)  
  61  5:03  Tempest (Chrono Boost)  
  61  5:04  Shield Battery  
  61  5:06  Shield Battery  
  71  5:26  Probe x2  
  71  5:27  Nexus  
  73  5:28  Pylon  
  73  5:30  Zealot  
  75  5:38  Probe  
  76  5:43  Protoss Air Weapons Level 1  
  76  5:47  Probe, Tempest (Chrono Boost)  
  76  5:50  Probe  
  76  5:53  Tempest (Chrono Boost)  
  82  5:59  Probe  
  82  6:00  Shield Battery  
  82  6:02  Adept, Probe  
  86  6:16  Pylon  
  86  6:18  Probe x2  
  86  6:19  Pylon  
  84  6:28  Void Ray x2 (Chrono Boost)  
  84  6:30  Probe  
  84  6:32  Probe  
  86  6:35  Pylon  
  94  6:42  Probe  
  94  6:43  Probe  
  94  6:46  Probe  
  97  6:54  Assimilator, Probe  
  97  6:55  Probe  
  97  6:57  Flux Vanes, Stargate  
  97  6:58  Probe, Void Ray  
  97  6:59  Assimilator  
  100  7:05  Void Ray  
  100  7:06  Probe  
  100  7:07  Probe, Shield Battery  
  106  7:10  Probe  
  111  7:18  Probe  
  111  7:20  Probe  
  113  7:23  Probe  
  114  7:30  Probe  
  114  7:35  Void Ray (Chrono Boost)  
  116  7:37  Probe  
  116  7:40  Void Ray (Chrono Boost)  
  120  7:45  Probe  
  120  7:47  Nexus  
  120  7:50  Pylon  
  125  8:00  Pylon, Void Ray (Chrono Boost)  
  125  8:02  Pylon  
  125  8:06  Forge  
  125  8:09  Void Ray (Chrono Boost)  
  124  8:13  Void Ray (Chrono Boost)  
  124  8:19  Protoss Air Weapons Level 2 (Chrono Boost)  
  128  8:22  Probe x3  
  128  8:25  Zealot x2  
  139  8:34  Probe x2  
  140  8:38  Assimilator  
  140  8:40  Probe  
  142  8:42  Assimilator  
  142  8:47  Mothership (Chrono Boost), Probe (Chrono Boost), Photon Cannon  
  147  8:51  Photon Cannon  
  147  8:52  Pylon, Photon Cannon  
  147  8:55  Photon Cannon  
  143  8:58  Shield Battery, Twilight Council  
  143  9:01  Pylon x2  
  143  9:02  Pylon  
  152  9:05  Probe (Chrono Boost)  
  152  9:08  Probe (Chrono Boost)  
  154  9:10  Probe (Chrono Boost)  
  154  9:12  Zealot x2  
  154  9:17  Probe  
  158  9:19  Probe  
  158  9:20  Protoss Ground Weapons Level 1 (Chrono Boost)  
  159  9:28  Gateway  
  159  9:30  Gateway  
  156  9:33  Gateway  
  156  9:34  Gateway  
  156  9:35  Gateway  
  156  9:36  Carrier (Chrono Boost)  
  162  9:39  Gateway  
  162  9:41  Templar Archives  
  162  9:42  Pylon  
  162  9:44  Carrier (Chrono Boost)  
  168  9:50  Zealot x2  
  178  9:53  Carrier (Chrono Boost)  
  178  9:58  Shield Battery  
  178  10:00  Pylon  
  178  10:01  Probe  
  178  10:02  Probe x2  
  163  10:13  Probe  
  164  10:14  Probe x2, Photon Cannon  
  166  10:25  Probe  
  166  10:26  Probe x2, Psionic Storm  
  175  10:31  Carrier (Chrono Boost)  
  175  10:36  High Templar x2, Cybernetics Core  
  179  10:50  Pylon, Photon Cannon  
  179  10:52  Photon Cannon  
  179  10:55  Carrier (Chrono Boost)  
  179  10:56  Pylon  
  178  10:59  Protoss Air Weapons Level 3 (Chrono Boost)  
  188  11:05  Charge  
  188  11:10  Carrier (Chrono Boost)  
  188  11:17  Protoss Shields Level 1 (Chrono Boost)  
  188  11:24  Protoss Air Armor Level 1 (Chrono Boost)  
  188  11:30  Photon Cannon  
  188  11:31  Photon Cannon  
  194  11:34  Photon Cannon  
  194  11:35  Shield Battery  
  194  11:37  Nexus  
  194  11:41  Pylon  
  194  11:51  Carrier (Chrono Boost)  
  192  11:54  Carrier (Chrono Boost)  
  192  12:00  Photon Cannon  
  192  12:02  Photon Cannon  
  192  12:03  Carrier (Chrono Boost)  
  192  12:04  Photon Cannon  
  192  12:05  Shield Battery  
  198  12:09  Pylon  
  198  12:22  Stargate  
  197  12:42  Zealot  
  199  12:47  Robotics Facility  
  199  12:59  Nexus  
  199  13:00  Pylon  
  199  13:02  Pylon  
  199  13:07  Pylon  
  198  13:28  Zealot  
  200  13:35  Photon Cannon  
  200  13:37  Photon Cannon  
  200  13:41  Observer (Chrono Boost)  
  200  13:45  Pylon, Zealot x2  
  200  13:46  Zealot  
  200  13:49  Shield Battery  
  200  13:51  Shield Battery x2  
  200  13:53  Pylon, Photon Cannon  
  200  13:55  Probe x3  
  197  13:56  Probe, Photon Cannon  
  197  13:57  Protoss Shields Level 2 (Chrono Boost)  
  197  13:58  High Templar  
  200  14:03  Stargate  
  200  14:04  Protoss Air Armor Level 2 (Chrono Boost)  
  200  14:05  Stargate, Carrier  
  200  14:19  Assimilator  
  200  14:22  Assimilator  
  195  14:24  Probe  
  195  14:25  Probe  
  195  14:31  Warp Prism (Chrono Boost)  
  199  14:35  Photon Cannon  
  199  14:38  Photon Cannon  
  199  14:40  Pylon x2  
  199  14:42  Pylon  
  199  14:54  Observer (Chrono Boost)  
  199  14:59  Photon Cannon  
  200  15:01  Photon Cannon  
  200  15:03  Photon Cannon  
  200  15:05  Photon Cannon  
  198  15:08  Zealot  
  198  15:12  Observer (Chrono Boost)  
  198  15:13  Probe x2  
  197  15:16  Photon Cannon  
  197  15:19  Photon Cannon  
  197  15:21  Photon Cannon  
  197  15:23  Photon Cannon  
  197  15:25  Observer (Chrono Boost), Shield Battery  
  197  15:26  Pylon  
  198  15:30  Void Ray  
  198  16:03  Observer  
  199  16:15  Protoss Ground Weapons Level 2 (Chrono Boost)  
  199  16:26  Probe  
  193  16:41  Void Ray (Chrono Boost)  
  193  16:44  Zealot x4  
  193  16:45  Zealot, Probe  
  199  17:05  Void Ray x2 (Chrono Boost)  
  190  17:12  Void Ray x2 (Chrono Boost)  
  169  17:16  Void Ray (Chrono Boost)  
  169  17:22  Void Ray (Chrono Boost)  
  165  17:26  Zealot x8  
  165  17:29  Mothership (Chrono Boost)  
  189  17:41  Void Ray (Chrono Boost)  
  189  17:42  Void Ray (Chrono Boost)  
  187  17:54  Void Ray x2 (Chrono Boost)  
  187  18:13  Void Ray (Chrono Boost)  
  191  18:28  Carrier (Chrono Boost)  
  191  18:31  Observer  
  191  18:33  Carrier (Chrono Boost)  
  192  18:42  Probe x3  
  192  18:43  Probe  
  196  18:52  Observer  
  200  18:59  Nexus  
  200  19:02  Oracle (Chrono Boost)  
  198  19:24  Zealot  
  198  19:43  Observer  
  199  20:05  Observer  
  199  20:06  Pylon  
  200  20:08  Protoss Shields Level 3 (Chrono Boost)  
  200  20:22  Protoss Air Armor Level 3 (Chrono Boost)  
  197  20:57  Photon Cannon  
  197  20:59  Photon Cannon  
  197  21:00  Pylon, Photon Cannon  
  197  21:01  Photon Cannon  
  197  21:03  Photon Cannon  
  192  21:05  Pylon, Carrier (Chrono Boost)  
  198  21:14  Pylon, Photon Cannon  
  198  21:15  Observer (Chrono Boost)  
  198  21:29  Zealot  
  200  21:40  Assimilator, Pylon  
  200  21:41  Assimilator  
  200  22:25  Protoss Ground Weapons Level 3  
  200  22:38  Void Ray (Chrono Boost)  
  187  22:45  Probe  
  187  22:47  Void Ray x2 (Chrono Boost)  
  187  22:48  Void Ray (Chrono Boost)  
  168  22:59  Void Ray (Chrono Boost)  
  164  23:07  Void Ray (Chrono Boost)  
  164  23:15  Void Ray (Chrono Boost)  
  164  23:19  Mothership (Chrono Boost)  
  170  23:21  Void Ray (Chrono Boost)  
  170  23:22  Void Ray (Chrono Boost)  
  170  23:23  Probe (Chrono Boost)  
  185  23:32  Pylon  
  196  24:02  Observer  
  196  24:03  Carrier (Chrono Boost)  
  196  24:05  Carrier (Chrono Boost)  
  196  24:13  Shield Battery  
  191  24:25  Observer  
  191  24:29  Carrier (Chrono Boost)  
  200  24:55  Carrier (Chrono Boost)  
  200  24:58  Void Ray (Chrono Boost), Oracle (Chrono Boost)  
  190  25:00  Carrier (Chrono Boost)  
  194  25:11  Void Ray (Chrono Boost)  
  194  25:13  Void Ray (Chrono Boost), Observer  
  199  25:34  Observer  
  198  25:56  Zealot  
  191  26:34  Void Ray (Chrono Boost)  
  167  26:41  Probe  
  167  26:46  Tempest (Chrono Boost)  
  159  26:53  Void Ray (Chrono Boost)  
  151  26:55  Void Ray (Chrono Boost)  
  151  26:56  Void Ray (Chrono Boost)  
  147  27:05  Void Ray (Chrono Boost)  
Show
View Real Time Build Order
Export as new Build Order

SortOf Zerg - Winner!

Build Orders: Pool First, Brood Lord Corruptor 

Get SALT Encoding   

  12  0:00  Drone  
  13  0:12  Overlord  
  13  0:17  Drone  
  14  0:31  Drone x2  
  16  0:40  Spawning Pool  
  15  0:44  Drone  
  15  0:48  Drone  
  17  0:59  Drone  
  18  1:12  Extractor  
  17  1:22  Drone  
  18  1:26  Queen  
  18  1:27  Zergling x2  
  18  1:32  Hatchery  
  20  1:36  Zergling x2  
  21  1:43  Overlord  
  21  1:53  Drone  
  22  2:02  Queen  
  22  2:03  Drone  
  25  2:15  Drone  
  26  2:25  Drone  
  26  2:29  Metabolic Boost  
  27  2:33  Drone  
  28  2:38  Drone  
  28  2:42  Hatchery  
  28  2:46  Drone  
  28  2:48  Drone  
  30  2:51  Drone  
  31  2:59  Queen  
  31  3:05  Overlord  
  33  3:09  Drone  
  34  3:15  Drone  
  34  3:18  Drone  
  36  3:22  Spore Crawler  
  36  3:23  Drone  
  36  3:26  Spore Crawler, Drone  
  36  3:31  Drone x2  
  36  3:32  Drone  
  40  3:36  Overlord  
  40  3:41  Drone x2  
  40  3:48  Queen  
  44  3:50  Overlord  
  44  3:54  Overlord  
  44  3:56  Spore Crawler  
  44  4:00  Drone x2  
  45  4:04  Drone x2  
  45  4:06  Drone  
  48  4:10  Zergling x4  
  48  4:11  Drone  
  48  4:14  Drone x2  
  48  4:16  Drone  
  54  4:18  Drone  
  54  4:22  Drone x2  
  57  4:28  Queen  
  57  4:30  Drone  
  60  4:31  Queen  
  60  4:35  Drone  
  60  4:36  Drone  
  60  4:37  Overlord  
  64  4:41  Overlord  
  64  4:42  Drone  
  65  4:48  Overlord  
  64  4:53  Overlord  
  64  4:55  Lair  
  64  4:57  Drone x3  
  64  4:58  Roach Warren  
  66  5:00  Drone  
  66  5:06  Drone x2  
  67  5:07  Drone x3  
  67  5:09  Drone  
  67  5:11  Drone x2  
  73  5:14  Drone x2  
  73  5:17  Drone x2  
  73  5:18  Drone  
  73  5:21  Overlord  
  78  5:23  Zergling x2  
  78  5:25  Zergling x4  
  78  5:28  Extractor  
  80  5:29  Drone  
  80  5:31  Extractor x2, Queen  
  80  5:34  Zergling x6  
  82  5:44  Drone x8  
  82  5:47  Drone  
  88  5:52  Evolution Chamber  
  88  5:53  Queen  
  88  5:55  Infestation Pit  
  88  6:01  Hatchery  
  88  6:04  Drone x2  
  88  6:05  Drone x2  
  88  6:10  Drone  
  92  6:14  Queen x2  
  92  6:15  Overlord  
  94  6:19  Drone  
  95  6:25  Drone x3, Spire  
  95  6:29  Drone  
  95  6:35  Overlord  
  95  6:38  Hive  
  95  6:40  Evolution Chamber  
  95  6:42  Drone  
  95  6:44  Extractor  
  92  6:49  Extractor, Drone x2  
  92  6:50  Queen x2  
  97  6:57  Overlord  
  97  6:58  Drone x3  
  99  7:13  Zerg Melee Weapons Level 1, Zerg Ground Armor Level 1  
  97  7:21  Drone  
  96  7:26  Queen x2  
  98  7:34  Drone x2  
  96  7:37  Corruptor x6  
  96  7:40  Overlord, Baneling Nest  
  96  7:42  Hatchery  
  96  7:43  Queen  
  107  7:44  Drone  
  107  7:45  Drone  
  107  7:47  Spore Crawler  
  108  7:54  Viper  
  108  7:57  Queen  
  111  8:00  Overlord  
  111  8:01  Queen, Drone x6  
  111  8:02  Queen  
  118  8:10  Viper  
  120  8:13  Zerg Flyer Armor Level 1  
  120  8:15  Drone x8  
  120  8:17  Extractor  
  120  8:18  Extractor  
  120  8:19  Queen  
  128  8:21  Zergling x14  
  128  8:25  Centrifical Hooks  
  135  8:30  Drone x2  
  135  8:37  Ultralisk Cavern  
  135  8:38  Overlord  
  135  8:39  Drone x5  
  139  8:47  Overseer  
  139  8:48  Viper  
  139  8:53  Zergling x4  
  144  8:55  Queen x5  
  144  8:59  Overlord  
  144  9:00  Extractor  
  153  9:03  Extractor, Drone x2  
  153  9:04  Spore Crawler, Drone  
  153  9:05  Spore Crawler  
  153  9:07  Overlord x2  
  153  9:08  Overlord  
  151  9:17  Zergling x14  
  158  9:24  Chitinous Plating  
  158  9:25  Zerg Melee Weapons Level 2, Zerg Ground Armor Level 2  
  158  9:32  Zergling x8  
  158  9:33  Overseer, Zergling x4  
  158  9:36  Baneling x12  
  164  9:40  Hatchery  
  164  9:43  Ultralisk  
  169  9:50  Overlord x2  
  169  9:55  Corruptor x4  
  174  10:04  Corruptor x2  
  173  10:09  Drone  
  173  10:10  Drone x7  
  173  10:12  Zerg Flyer Armor Level 2  
  181  10:24  Spire  
  181  10:25  Zergling x16  
  188  10:28  Spore Crawler  
  188  10:29  Spore Crawler, Adrenal Glands  
  188  10:31  Spore Crawler  
  188  10:34  Spore Crawler, Drone x3  
  188  10:35  Drone  
  188  10:38  Spore Crawler  
  188  10:39  Spore Crawler  
  186  10:43  Anabolic Synthesis  
  186  10:46  Pathogen Glands  
  186  10:48  Overlord, Pneumatized Carapace  
  186  10:51  Corruptor  
  188  11:01  Zergling x24  
  197  11:06  Drone x2  
  197  11:08  Extractor  
  197  11:09  Extractor  
  197  11:12  Infestor  
  197  11:18  Baneling x11  
  199  11:22  Overseer x2  
  199  11:33  Spore Crawler x2  
  199  11:34  Spore Crawler x2  
  199  11:39  Overseer  
  195  11:40  Spore Crawler  
  195  11:41  Spore Crawler x2  
  195  11:42  Spore Crawler x2, Drone x3  
  195  11:44  Spore Crawler  
  195  11:45  Spore Crawler x2  
  190  11:51  Hatchery  
  187  11:56  Greater Spire  
  187  11:57  Zerg Melee Weapons Level 3, Zerg Ground Armor Level 3  
  187  12:00  Infestor x2  
  187  12:01  Infestor x2  
  189  12:12  Corruptor x4  
  197  12:25  Spore Crawler  
  197  12:26  Spore Crawler  
  194  12:33  Overlord  
  194  12:36  Zerg Flyer Armor Level 3  
  192  12:37  Spore Crawler  
  192  12:38  Spore Crawler  
  192  12:39  Spore Crawler, Overlord  
  192  12:40  Spore Crawler  
  185  12:48  Drone x5  
  189  12:52  Drone x4  
  189  12:56  Viper  
  196  13:03  Baneling x11  
  187  13:31  Zergling x12  
  187  13:32  Zergling x14  
  197  13:39  Brood Lord  
  197  13:46  Spore Crawler x2  
  194  13:48  Brood Lord x3  
  194  13:54  Zerg Flyer Weapons Level 1  
  200  14:07  Extractor  
  200  14:09  Spore Crawler, Extractor, Brood Lord  
  196  14:10  Spore Crawler  
  196  14:11  Brood Lord  
  196  14:12  Brood Lord  
  198  14:23  Spore Crawler  
  188  14:25  Spore Crawler  
  188  14:28  Brood Lord x2  
  188  14:29  Zergling x4  
  188  14:30  Zergling x12  
  188  14:31  Corruptor x2  
  200  14:38  Baneling x6  
  200  14:48  Spore Crawler x2  
  198  14:52  Hatchery  
  198  14:55  Corruptor  
  192  15:08  Corruptor x4  
  192  15:13  Zergling x6  
  197  15:39  Corruptor  
  196  16:05  Zergling x6  
  199  16:16  Baneling x2  
  199  16:17  Baneling x4  
  199  16:22  Lair  
  199  16:25  Spawning Pool, Spire, Infestation Pit  
  196  16:27  Viper, Ultralisk Cavern  
  196  16:28  Viper x2  
  198  16:35  Spore Crawler  
  198  16:37  Spore Crawler  
  198  16:39  Spore Crawler  
  182  16:45  Overlord x3  
  182  16:46  Overlord x6  
  162  17:20  Infestor x2  
  166  17:23  Drone x6  
  166  17:25  Infestor x3  
  166  17:27  Neural Parasite  
  178  17:31  Spire, Drone x4, Evolution Chamber  
  178  17:33  Hive  
  178  17:35  Zergling x2, Extractor  
  178  17:36  Zergling x36, Extractor  
  197  17:37  Spine Crawler  
  197  17:41  Drone x4  
  197  18:02  Drone  
  197  18:03  Drone x5  
  197  18:20  Drone x3  
  198  18:43  Zerg Flyer Weapons Level 2  
  198  18:45  Zerg Missile Weapons Level 1, Greater Spire  
  196  19:30  Corruptor  
  196  19:31  Corruptor x4  
  195  19:53  Zergling x8  
  189  20:05  Zergling x24  
  198  20:11  Corruptor  
  200  20:29  Baneling Nest  
  200  20:34  Corruptor x2  
  194  20:55  Zergling x12  
  199  21:10  Zergling x10  
  199  21:19  Hatchery  
  198  21:32  Baneling x9  
  198  21:38  Hatchery  
  192  21:59  Zergling x14  
  192  22:14  Zergling x18  
  185  22:44  Corruptor  
  185  22:45  Corruptor x8  
  189  22:56  Corruptor x5  
  189  22:57  Corruptor x9  
  189  22:58  Corruptor  
  199  23:03  Viper  
  197  23:07  Infestor  
  197  23:12  Baneling x5  
  198  23:15  Extractor  
  197  23:24  Viper  
  198  23:29  Viper  
  193  23:51  Brood Lord x3  
  199  24:03  Zergling x2  
  199  24:07  Extractor  
  199  24:31  Zergling x4  
  199  25:22  Hatchery  
  198  25:35  Spore Crawler  
  197  25:49  Spore Crawler x2  
  194  25:52  Zergling x12  
  194  25:53  Spore Crawler  
  194  25:54  Spore Crawler  
  194  25:55  Spore Crawler  
  197  25:57  Spore Crawler  
  191  26:24  Viper  
  181  26:27  Zergling x2  
  181  26:29  Zergling x2  
  118  26:41  Corruptor x17  
  118  26:42  Corruptor x26  
  162  26:54  Viper x6  
  162  27:01  Infestor  
Tags
 
Add a new tag
Caveats
  • Supply blocks, unpowered buildings, or Contaminate may cause inaccurate times.
  • Supply counts are checked every 10 seconds.